 Dungeon Crawl Stone Soup version 0.30-a0-696-g2367cd04db (webtiles) character file.

Game seed: 11645191274194322611

23 pokeman the Magician (level 2, -2/16 HPs)
             Began as a Deep Elf Hedge Wizard on Jan 21, 2023.
             Slain by a hobgoblin (3 damage)
             ... led by Robin
             ... on level 2 of the Dungeon.
             The game lasted 00:01:05 (1269 turns).

pokeman the Magician (Deep Elf Hedge Wizard)        Turns: 1269, Time: 00:01:05

Health: -2/16      AC:  2    Str:  7    XL:     2   Next: 72%
Magic:  0/10       EV: 13    Int: 18    God:
Gold:   26         SH:  0    Dex: 20    Spells: 10/11 levels left

rFire   . . .      SeeInvis .    h - +4 dagger
rCold   . . .      Faith    .    (no shield)
rNeg    . . .      Spirit   .    b - +0 robe
rPois   .          Reflect  .    c - +0 hat
rElec   .          Harm     .    (no cloak)
rCorr   .          Rampage  .    (no gloves)
Will    .....                    (no boots)
Stlth   ++                       (no amulet)
HPRegen 0.22/turn                g - +6 ring of dexterity
MPRegen 0.12/turn                (no ring)

@: no status effects
A: no striking features
a: no special abilities


You were on level 2 of the Dungeon.
You visited 1 branch of the dungeon, and saw 2 of its levels.

You collected 26 gold pieces.

Inventory:

Hand Weapons
 h - a +4 dagger (weapon)
Armour
 b - a +0 robe (worn)
 c - a +0 hat (worn)
Jewellery
 g - a +6 ring of dexterity (left hand)
Scrolls
 a - a scroll of vulnerability {unknown}
 f - a scroll of acquirement {unknown}
 i - a scroll of teleportation {unknown}
Potions
 d - a potion of magic
 e - a potion of brilliance {unknown}


   Skills:
 + Level 0.6 Fighting
 + Level 0.6 Armour
 - Level 2.4 Dodging
 - Level 2.4 Stealth
 * Level 5.0 Spellcasting
 + Level 1.6 Conjurations
 - Level 1.1 Summonings
 - Level 1.1 Translocations


You had 10 spell levels left.
You knew the following spells:

 Your Spells              Type           Power      Damage    Failure   Level
a - Magic Dart            Conj           40%        1d5       7%          1

Your spell library contained the following spells:

 Spells                   Type           Power      Damage    Failure   Level
 Slow                     Hex            16%        N/A       13%         1
 Blink                    Tloc           16%        N/A       13%         2
 Call Imp                 Summ           8%         N/A       13%         2
 Cigotuvi's Dreadful Rot  Necr/Pois/Air  8%         N/A       21%         2
 Mephitic Cloud           Conj/Pois/Air  6%         N/A       32%         3


Dungeon Overview and Level Annotations

Branches:
Dungeon (2/15)

Altars:

Annotations:
D:2 Robin


Message History

A goblin comes into view. It is wielding a +0 club.
Casting: Magic Dart (safe; 7% risk of failure)
Confirm with . or Enter, or press ? or * to list all spells.
You don't have enough magic to cast this spell.
Sorry, you're not good enough to have a special ability.
Robin roars a battlecry!
The goblin goes into a battle-frenzy!
Things that are here:
a +0 dagger; a goblin corpse Robin throws the goblin at you!
The goblin hits you with a +0 club.
You closely miss the goblin. The goblin hits you but does no damage.
You barely miss the goblin. The hobgoblin closely misses you.
Robin says, "My goblins will feast on your bones."
The goblin hits you but does no damage.
You puncture the goblin!
You kill the goblin!
The hobgoblin hits you.
* * * LOW HITPOINT WARNING * * *
A goblin comes into view. It is wielding a +0 dagger.
Robin throws the goblin at you!
* * * LOW HITPOINT WARNING * * *
Casting: Magic Dart (safe; 7% risk of failure)
Confirm with . or Enter, or press ? or * to list all spells.
Aiming: Magic Dart (safe; 7% risk of failure)
Press: ? - help, Shift-Dir - straight line, f - goblin, p - Robin
Aim: a goblin, wielding a +0 club (strong, 100% to hit)
The magic dart hits the goblin.
The goblin is severely wounded.
The goblin closely misses you. The hobgoblin closely misses you.
You hit the goblin.
You kill the goblin!
Robin throws the goblin at you!
* * * LOW HITPOINT WARNING * * *
The hobgoblin hits you but does no damage.
The goblin barely misses you.
Your Spellcasting skill increases to level 5!
You hit the goblin.
You kill the goblin!
The hobgoblin hits you.
You die...

#..).....#
..g.....#
#.g....#
#gg....#
#g######
#.# #.#
#g# #@#
#)# #.#
#.# #.#
#[# #.#
#.# #.#


You could see Robin, a hobgoblin (strong) and 4 goblins.

Vanquished Creatures
  4 endoplasms
  8 goblins
  2 hobgoblins
  A quokka (D:1)
  A ball python (D:1)
  2 bats
  A kobold (D:1)
  A rat (D:1)
20 creatures vanquished.

Notes
Turn   | Place    | Note
-------+----------+-------------------------------------------
     0 | D:1      | pokeman the Deep Elf Hedge Wizard began the quest for the
                  | Orb.
     0 | D:1      | Reached XP level 1. HP: 10/10 MP: 7/7
   503 | D:1      | Reached XP level 2. HP: 7/16 MP: 4/9
   600 | D:1      | Found a faded altar of an unknown god.
  1249 | D:2      | Noticed Robin
  1269 | D:2      | Reached skill level 5 in Spellcasting
  1269 | D:2      | Slain by a hobgoblin

Illustrated notes

Levels and vault maps discovered:
D:1:      elethiomel_arrival_maze, layout_loops_ring,
          chequers_ecumenical_altar_island
D:2:      layout_basic, minmay_misc_feat_encased, grunt_decor_cap, uniq_robin,
          uniq_jessica

Skill      XL: |  1  2 |
---------------+-------+-----
Spellcasting   | 5 |  5.0
Fighting       | |  0.6
Armour         | |  0.6
Dodging        | |  2.4
Stealth        | |  2.4
Conjurations   | |  1.6
Summonings     | |  1.1
Translocations | |  1.1

Action                   || total
-------------------------++-------
Melee: Dagger            ||     5
 Cast: Magic Dart        ||    51
Armor: Robe              ||     3
Dodge: Dodged            ||     8

Table legend: (Time is in decaauts)
 A = Elapsed time spent in this place.
 B = Non-inter-level travel time spent in this place.
 C = Inter-level travel time spent in this place.
 D = Time resting spent in this place.
 E = Time spent auto-exploring this place.
 F = Levels seen in this place.
 G = Mean time per level.
                   A        B        C        D        E       F      G
               +--------+--------+--------+--------+--------+-----+--------+
         Total |   1271 |   1263 |      8 |     40 |   1122 |   2 |  635.5 |
       Dungeon |   1271 |   1263 |      8 |     40 |   1122 |   2 |  635.5 |
               +--------+--------+--------+--------+--------+-----+--------+

Top non-repeatable levels by time:
     D:1: 1123 daAuts
     D:2: 148 daAuts
